 Dungeon Crawl Stone Soup version 0.17.1-3-g152610e (webtiles) character file.

79 Yevrel the Skirmisher (level 4, -7/37 HPs)
             Began as a Demonspawn Abyssal Knight on Apr 4, 2016.
             Was a Believer of Lugonu.
             Mangled by Grinder (8 damage)
             ... on level 3 of the Dungeon.
             The game lasted 00:04:44 (1436 turns).

Yevrel the Skirmisher (Demonspawn Abyssal Knight)   Turns: 1436, Time: 00:04:45

Health: -7/37      AC: 12    Str: 13      XL:     4   Next: 17%
Magic:  6/6        EV:  6    Int: 14      God:    Lugonu [**....]
Gold:   136        SH:  0    Dex:  9 (12) Spells: 0 memorised, 3 levels left

rFire  . . .     SeeInvis .     a - +1 hand axe
rCold  . . .     Clarity  .     e - +0 chain mail
rNeg   . . .     SustAt   .     (no shield)
rPois  .         Gourm    .     (no helmet)
rElec  .         Spirit   .     (no cloak)
rCorr  .         Warding  .     j - +0 pair of gloves
rMut   .         Stasis   .     (no boots)
MR     .....                    (no amulet)
Stlth  ..........               (no ring)
                                (no ring)

@: lethally poisoned (-7 -> -10), not resistant to hostile enchantments,
extremely unstealthy
A: thin metallic scales 1, powered by pain 1
a: Depart the Abyss, Bend Space, Renounce Religion


You were on level 3 of the Dungeon.
You worshipped Lugonu.
Lugonu was pleased with you.
You were near starving.

You visited 1 branch of the dungeon, and saw 3 of its levels.
You visited the Abyss 1 time.

You collected 136 gold pieces.

Inventory:

Hand Weapons
 a - a +1 hand axe (weapon)
Missiles
 o - 8 needles of sleeping
Armour
 b - a +0 leather armour
 e - a +0 chain mail (worn)
 j - a +0 pair of gloves (worn)
Scrolls
 g - a scroll of enchant weapon {unknown}
 h - 2 scrolls of teleportation {unknown}
 i - 4 scrolls of identify {unknown}
 k - a scroll of enchant armour {unknown}
 m - 2 scrolls of noise {unknown}
Potions
 d - a potion of degeneration
 f - 2 potions of curing {unknown}
 l - a potion of brilliance {unknown}
 p - a potion of flight {unknown}
Comestibles
 c - a bread ration
 n - a beef jerky
 q - a meat ration


   Skills:
 + Level 3.7 Fighting
 + Level 2.4 Axes
 + Level 2.5 Armour
 + Level 1.4 Dodging
 + Level 2.8 Invocations


You had 3 spell levels left.
You didn't know any spells.

Dungeon Overview and Level Annotations

Branches:
Dungeon (3/15)

Altars:

Annotations:
D:3 Grinder


Innate Abilities, Weirdness & Mutations

You are partially covered in thin metallic scales (AC +2).
You sometimes gain a little power by taking damage.


Message History

You kill the adder!
Lugonu accepts your kill. Grinder hits you but does no damage.
You feel sick. Grinder hits you.
You writhe in agony.
* * * LOW HITPOINT WARNING * * *
Items here: )) †† a club x2 an adder corpse; a quokka corpse You closely miss Grinder.
Grinder is lightly wounded.
Grinder hits you.
* * * LOW HITPOINT WARNING * * *
You writhe in agony.
* * * LOW HITPOINT WARNING * * *
Drink which item? (? for menu, Esc to quit)
It was a potion of degeneration.
There was something very wrong with that liquid.
You feel clumsy. Grinder hits you!
You die...

....... .......
....... .......
.....#. #
.......####..##
...............
......5@#
......#.####.#.
......)†).....%
......#..###...
...##.##.# .. #
.# . .. ... #..


You could see Grinder.

Vanquished Creatures
  Robin (D:3)
  2 adders
  An ooze (D:3)
  A worm (D:2)
  2 giant cockroaches (D:2)
  15 goblins
  7 hobgoblins
  2 jackals (D:1)
  A quokka (D:3)
  A ball python (D:1)
  5 bats
  A giant newt (D:2)
  2 kobolds
  4 rats
45 creatures vanquished.

Notes
Turn   | Place    | Note
--------------------------------------------------------------
     0 | Abyss:1  | Yevrel the Demonspawn Abyssal Knight began the quest for the Orb.
     0 | Abyss:1  | Reached XP level 1. HP: 18/18 MP: 2/2
   117 | Abyss:1  | Noticed a small abomination
   118 | D:1      | Escaped the Abyss
   448 | D:1      | Gained mutation: You are partially covered in thin metallic scales (AC +2). [demonic ancestry]
   448 | D:1      | Reached XP level 2. HP: 24/24 MP: 3/3
   664 | D:1      | Reached * piety under Lugonu
   691 | D:1      | Reached skill level 1 in Dodging
  1104 | D:2      | Reached XP level 3. HP: 25/29 MP: 4/4
  1413 | D:3      | Noticed Robin
  1419 | D:3      | Noticed Grinder
  1423 | D:3      | Reached ** piety under Lugonu
  1433 | D:3      | Killed Robin
  1433 | D:3      | Gained mutation: You sometimes gain a little power by taking damage. [demonic ancestry]
  1433 | D:3      | Reached XP level 4. HP: 19/37 MP: 6/6
  1435 | D:3      | HP: 1/37 [Grinder (3)]
  1436 | D:3      | Mangled by Grinder

Action                   |  1- 3 |  4- 6 || total
-------------------------+-------+-------++-------
Melee: Hand axe          |   124 |     1 ||   125
Invok: Depart the Abyss  |     1 |       ||     1
  Use: Potion            |       |     1 ||     1
